 Dungeon Crawl Stone Soup version 0.28.0-53-g5a82cb258f (webtiles) character file.

Game seed: 13138108912477311163

51 greena the Skirmisher (level 3, -4/34 HPs)
             Began as a Minotaur Abyssal Knight on May 26, 2022.
             Was a Follower of Lugonu.
             Slain by a gnoll
             ... wielding a +0 club
              (6 damage)
             ... on level 3 of the Dungeon.
             The game lasted 00:03:46 (1710 turns).

greena the Skirmisher (Minotaur Abyssal Knight)     Turns: 1710, Time: 00:03:46

Health: -4/34      AC:  4    Str: 19    XL:     3   Next: 57%
Magic:  3/3        EV: 11    Int:  7    God:    Lugonu [*.....]
Gold:   84         SH:  0    Dex: 10    Spells: 2/2 levels left

rFire   . . .      SeeInvis .   a - +1 falchion
rCold   . . .      Faith    .   (no shield)
rNeg    . . .      Spirit   .   b - +1 leather armour
rPois   .          Reflect  .   (helmet restricted)
rElec   .          Harm     .   (no cloak)
rCorr   .          Rampage  .   (no gloves)
Will    .....                   (no boots)
Stlth   +.........              (no amulet)
HPRegen 0.11/turn               (no ring)
MPRegen 0.08/turn               (no ring)

@: no status effects
A: horns 2, retaliatory headbutt
a: Renounce Religion, Depart the Abyss


You were on level 3 of the Dungeon.
You worshipped Lugonu.
Lugonu was aware of your devotion.
You visited 1 branch of the dungeon, and saw 3 of its levels.
You visited the Abyss 1 time.

You collected 84 gold pieces.

Inventory:

Hand Weapons
 a - a +1 falchion (weapon)
Missiles
 c - 35 bolts
 g - 4 boomerangs
Armour
 b - a +1 leather armour (worn)
Scrolls
 d - 3 scrolls of identify


   Skills:
 + Level 4.6 Fighting
 + Level 3.1 Long Blades
 + Level 3.0 Armour
 + Level 1.2 Dodging
 + Level 2.0 Invocations


You had 2 spell levels left.
You didn't know any spells.
Your spell library was empty.

Dungeon Overview and Level Annotations

Branches:
Dungeon (3/15)

Altars:

Shops:
D:1 =


Innate Abilities, Weirdness & Mutations

You have a pair of horns on your head.
You reflexively headbutt those who attack you in melee.


Message History

The gnoll hits you from afar with a +0 spear.
* * * LOW HITPOINT WARNING * * *
There is a stone staircase leading up here.
The gnoll barely misses you.
You climb upwards.
There is a stone staircase leading down here.
You start resting.
HP restored.
There is a stone staircase leading down here.
You climb downwards.
The gnoll hits you with a +0 spear.
There is a stone staircase leading up here.
You hit the gnoll.
The gnoll is lightly wounded.
The frilled lizard misses you. The gnoll hits you with a +0 spear.
The frilled lizard barely misses you.
You slash the gnoll!
The gnoll is severely wounded.
The gnoll misses you.
The frilled lizard bites you but does no damage.
The gnoll misses you.
You slash the gnoll!
You kill the gnoll!
Lugonu accepts your kill.
The frilled lizard bites you but does no damage.
Your Armour skill increases to level 3!
Your Invocations skill increases to level 2!
You barely miss the gnoll. The gnoll hits you with a +0 club.
The frilled lizard closely misses you. You furiously retaliate!
You headbutt the frilled lizard!
You kill the frilled lizard!
Lugonu accepts your kill.
You hit the gnoll. Your headbutt misses the gnoll.
The gnoll is moderately wounded.
The gnoll hits you with a +0 club. The gnoll hits you with a +0 flail.
You closely miss the gnoll.
The gnoll is moderately wounded.
The gnoll misses you. The gnoll hits you with a +0 flail!
* * * LOW HITPOINT WARNING * * *
The gnoll hits you with a +0 club.
You die...

..... #.... #.#.# #.# #.#.#
... #.#.# #.# #.#.# #.#
#.#.####### #.#
#..#....g.###.#
#g#.####g@.##.#
##.#...........#
#.l######...##.# #g##
##.###.# ####.#### #.# #g#
# #...g...# #.# #.# ###
......#.##.# #.###.###.....
####..#.##.#####..........#
#.......l..g......####.#


You could see 2 gnolls.

Vanquished Creatures
  A gnoll (D:3)
  An adder (D:2)
  A worm (D:2)
  A ball python (D:1)
  2 endoplasms
  A giant cockroach (D:1)
  3 goblins
  A hobgoblin (D:2)
  6 jackals (D:1)
  3 bats
  A frilled lizard (D:3)
  3 kobolds
  A rat (D:1)
25 creatures vanquished.

Notes
Turn   | Place    | Note
-------+----------+-------------------------------------------
     0 | Abyss:1  | greena the Minotaur Abyssal Knight began the quest for the
                  | Orb.
     0 | Abyss:1  | Reached XP level 1. HP: 19/19 MP: 1/1
    29 | Abyss:1  | Noticed a small abomination
    51 | D:1      | Escaped the Abyss
   258 | D:1      | Found Ituif's Jewellery Emporium.
   282 | D:1      | Reached skill level 4 in Fighting
   304 | D:1      | Reached XP level 2. HP: 26/27 MP: 2/2
   325 | D:1      | Reached * piety under Lugonu
   346 | D:1      | Found a faded altar of an unknown god.
  1140 | D:2      | Reached XP level 3. HP: 34/34 MP: 3/3
  1710 | D:3      | Slain by a gnoll

Illustrated notes

Levels and vault maps discovered:
D:1:      minmay_arrival_loop, layout_loops_ring, basic_ecumenical_altar,
          serial_shops, shop, nrook_uturn
D:2:      layout_basic, minmay_misc_feat_x, minmay_misc_feat_nine_boxes
D:3:      layout_loops_ring, serial_shops, nicolae_shop_window_shopping,
          serial_glass, glass_columns_b, glass_columns_c, dk_noncrumbling_2,
          minmay_misc_feat_roman, uniq_jessica

Skill      XL: |  1  2  3 |
---------------+----------+-----
Fighting       | 4 |  4.6
Long Blades    | 3 |  3.1
Armour         | 3 |  3.0
Invocations    | 2 |  2.0
Dodging        | |  1.2

Action                   || total
-------------------------++-------
Melee: Falchion          ||    57
       Headbutt          ||     8
       Punch             ||     1
Invok: Depart the Abyss  ||     1
  Use: Scroll            ||     4
       Potion            ||     4
Armor: Leather armour    ||    12
Dodge: Dodged            ||    41
